 Dungeon Crawl Stone Soup version 0.28.0 (webtiles) character file.

Game seed: 7739251923709830178

3922 Sanktem7 the Cleaver (level 10, -3/79 HPs)
             Began as a Minotaur Fighter on Feb 11, 2022.
             Was an Initiate of Ru.
             Slain by a wolf (5 damage)
             ... led by Grum
             ... on level 8 of the Dungeon.
             The game lasted 00:19:01 (7424 turns).

Sanktem7 the Cleaver (Minotaur Fighter)             Turns: 7424, Time: 00:19:01

Health: -3/79      AC: 17    Str: 30    XL:     10   Next: 1%
Magic:  9/9        EV:  5    Int:  5    God:    Ru [......]
Gold:   421        SH: 14    Dex: 18    Spells: 9/9 levels left

rFire   . . .      SeeInvis .   y - +3 spear
rCold   . . .      Faith    .   v - +0 tower shield
rNeg    . . .      Spirit   .   q - +6 chain mail of Rigyvacu {Fly rElec Dex+7 Stlth+}
rPois   .          Reflect  .   (helmet restricted)
rElec   +          Harm     .   m - scarf {shadows}
rCorr   .          Rampage  .   (no gloves)
Will    +....                   (no boots)
Stlth   ..........              (no amulet)
HPRegen 0.23/turn               k - +6 ring of strength
MPRegen 0.11/turn               (no ring)

@: flying
A: horns 2, retaliatory headbutt, frail 1, strong-willed 1
a: Renounce Religion, Sacrifice Courage, Sacrifice Words, Sacrifice Purity,
Reject Sacrifices


You were on level 8 of the Dungeon.
You worshipped Ru.
Ru was noncommittal.
You visited 1 branch of the dungeon, and saw 8 of its levels.

You collected 421 gold pieces.

Inventory:

Hand Weapons
 a - a +1 flail of protection
 y - a +3 spear (weapon)
Missiles
 f - 24 poisoned darts
 h - 7 boomerangs (quivered)
 p - a throwing net
 s - 6 curare-tipped darts
Armour
 m - a scarf of shadows (worn)
 q - the +6 chain mail of Rigyvacu (worn) {Fly rElec Dex+7 Stlth+}
   (You found it on level 2 of the Dungeon)

   Dex:       It affects your dexterity (+7).
   rElec:     It insulates you from electricity.
   Fly:       It grants you flight.
   Stlth:     It makes you more stealthy.
 v - a +0 tower shield (worn)
Jewellery
 k - a +6 ring of strength (left hand)
Wands
 t - a wand of polymorph (9)
 u - a wand of flame (12)
 A - a wand of acid (4)
Scrolls
 e - 7 scrolls of teleportation
 n - 2 scrolls of noise
 w - a scroll of fog
 z - a scroll of torment
Potions
 b - 2 potions of attraction
 c - a potion of curing
 d - a potion of might
 g - a potion of haste
 i - a potion of magic
 l - a potion of ambrosia
 o - a potion of heal wounds
 x - 3 potions of resistance


   Skills:
 * Level 8.1 Fighting
 - Level 11.1(11.5) Axes
 * Level 4.2(8.3) Polearms
 * Level 4.7 Throwing
 * Level 9.1 Armour
 + Level 1.3 Dodging
 - Level 3.6 Shields


You had 9 spell levels left.
You didn't know any spells.
Your spell library contained the following spells:

 Spells                   Type           Power      Damage    Failure   Level
 Animate Skeleton         Necr           0%         N/A       100%        1
 Pain                     Necr           0%         1d4       100%        1
 Confusing Touch          Hex            0%         N/A       100%        3
 Vampiric Draining        Necr           0%         2d6       100%        3
 Agony                    Necr           0%         N/A       100%        5
 Excruciating Wounds      Necr           0%         N/A       100%        5
 Yara's Violent Unravell  Hex/Tmut       0%         3d3       100%        5
 Enfeeble                 Hex            0%         N/A       100%        7


Dungeon Overview and Level Annotations

Branches:
Dungeon (8/15)             Temple (0/1) D:5
   Lair: D:8-11

Altars:
Elyvilon
Hepliaklqana
Okawaru
Ru
Vehumet
Yredelemnul

Shops:
D:1 :

Annotations:
D:8 Grum


Innate Abilities, Weirdness & Mutations

You have a pair of horns on your head.
You reflexively headbutt those who attack you in melee.
You are frail. (-10% HP)
You are strong-willed. (Will+)


Message History

You hit the wolf but do no damage.
You headbutt the wolf, but do no damage.
The wolf is almost dead.
You block the wolf's attack.
The wolf bites you but does no damage. x2
You block the wolf's attack. Grum hits you but does no damage.
You hit the wolf but do no damage. Your headbutt misses the wolf.
The wolf is almost dead.
You block the wolf's attack. x2; The wolf barely misses you.
You furiously retaliate!
You headbutt the wolf.
Grum hits you from afar with a +1 spear.
The wolf bites you but does no damage.
You puncture the wolf!
You kill the wolf!
The wolf bites you but does no damage. You block Grum's attack.
The centaur unwields a +0 shortbow.
The centaur barely misses you.
The centaur kicks you but does no damage.
The wolf bites you.
You completely miss the centaur. You headbutt the centaur!
The centaur is severely wounded.
You block the wolf's attack. You block the centaur's attack.
The centaur completely misses you. Grum hits you but does no damage.
The wolf bites you.
* * * LOW HITPOINT WARNING * * *
You hit the centaur but do no damage. You headbutt the centaur.
You kill the centaur!
You block the wolf's attack. Grum barely misses you.
Your base Polearms skill increases to level 4!
You have reached level 10!
You hit the wolf. Your headbutt misses the wolf.
The wolf is moderately wounded.
You block the wolf's attack.
Grum hits you from afar with a +1 spear!
* * * LOW HITPOINT WARNING * * *
The wolf bites you.
* * * LOW HITPOINT WARNING * * *
The wolf bites you but does no damage. The wolf bites you!
* * * LOW HITPOINT WARNING * * *
The wolf bites you.
You die...

............>..# #.##.#
#####.......###..###.##.#
............(......#.##.#
#####...#####.#[##.#....#
###.#####.#.##.######
#............
##.........# #.........#
#........@## #........h.#
#........g.#
#..........##
#...[....#).#
##########..## #...#
##..## #...#


You could see Grum and a wolf.

Vanquished Creatures
  Prince Ribbit (D:7)
  6 yaks (D:5)
  A steam dragon (D:7)
  Eustachio (D:4)
  A water moccasin (D:7)
  A sky beast (D:7)
  An orc warrior (D:6)
  An ogre (D:6)
  A wolf (D:8)
  2 centaurs
  2 kobold brigands (D:6)
  3 phantoms
  2 scorpions (D:5)
  A bullfrog (D:7)
  A gnoll sergeant (D:7)
  A wyvern zombie (D:7)
  5 wights (D:6)
  5 killer bees (D:7)
  A howler monkey (D:5)
  A bullfrog zombie (D:5)
  2 bullfrog skeletons
  An orc priest (D:3)
  Crazy Yiuf (D:7)
  2 centaur skeletons
  3 hounds
  2 gnoll shamans
  2 iguanas
  3 orc wizards
  A hound skeleton (D:5)
  2 howler monkey skeletons
  5 adders
  18 gnolls
  A white imp (D:7)
  2 adder skeletons (D:4)
  2 worms (D:2)
  21 orcs
  5 ball pythons
  3 endoplasms
  7 giant cockroaches
  14 goblins
  12 hobgoblins
  12 jackals
  14 kobolds
  2 quokkas (D:3)
  4 bats
  5 frilled lizards
  6 rats
190 creatures vanquished.

Vanquished Creatures (others)
  An orc wizard (D:4)
1 creature vanquished.

Grand Total: 191 creatures vanquished

Notes
Turn   | Place    | Note
-------+----------+-------------------------------------------
     0 | D:1      | Sanktem7 the Minotaur Fighter began the quest for the Orb.
     0 | D:1      | Reached XP level 1. HP: 19/19 MP: 0/0
   116 | D:1      | Found Vuxtor's Book Shop.
   193 | D:1      | Reached XP level 2. HP: 27/27 MP: 1/1
   947 | D:2      | Reached XP level 3. HP: 29/33 MP: 2/2
  1047 | D:2      | Identified the +6 chain mail of Rigyvacu {Fly rElec Dex+7
                  | Stlth+}
  1146 | D:2      | Reached skill level 3 in Axes
  1321 | D:3      | Found a sacrificial altar of Ru.
  1343 | D:3      | Became a worshipper of Ru the Awakened
  1460 | D:3      | Reached XP level 4. HP: 37/40 MP: 3/3
  1493 | D:3      | Reached skill level 4 in Axes
  1494 | D:3      | Reached skill level 1 in Throwing
  1806 | D:3      | Reached XP level 5. HP: 47/47 MP: 4/4
  1849 | D:3      | Found a faded altar of an unknown god.
  2282 | D:4      | Found a basalt altar of Yredelemnul.
  2342 | D:4      | Noticed a phantom
  2352 | D:4      | Killed a phantom
  2353 | D:4      | Reached skill level 5 in Axes
  2381 | D:4      | Gained mutation: You are frail. (-10% HP) [potion of
                  | mutation]
  2381 | D:4      | Gained mutation: You are strong-willed. (Will+) [potion of
                  | mutation]
  2496 | D:4      | Reached XP level 6. HP: 37/49 MP: 5/5
  2506 | D:4      | Reached skill level 5 in Fighting
  2506 | D:4      | Reached skill level 5 in Armour
  2680 | D:4      | Noticed Eustachio
  2695 | D:4      | Killed Eustachio
  2696 | D:4      | Reached skill level 6 in Axes
  2954 | D:5      | Entered Level 5 of the Dungeon
  3023 | D:5      | Reached XP level 7. HP: 32/54 MP: 6/6
  3161 | D:5      | Noticed a yak
  3161 | D:5      | Noticed a yak
  3162 | D:5      | Noticed a yak
  3162 | D:5      | Noticed a yak
  3162 | D:5      | Noticed a yak
  3162 | D:5      | Noticed a yak
  3180 | D:5      | Killed a yak
  3181 | D:5      | Reached skill level 7 in Axes
  3187 | D:5      | Killed a yak
  3194 | D:5      | Killed a yak
  3195 | D:5      | Reached skill level 8 in Axes
  3200 | D:5      | Killed a yak
  3201 | D:5      | Reached XP level 8. HP: 20/63 MP: 7/7
  3206 | D:5      | Reached skill level 9 in Axes
  3578 | D:5      | Found a staircase to the Ecumenical Temple.
  3917 | D:5      | Reached skill level 10 in Axes
  4179 | D:6      | Found a white marble altar of Elyvilon.
  4264 | D:6      | Reached XP level 9. HP: 70/70 MP: 8/8
  4534 | D:6      | Reached skill level 1 in Dodging
  4620 | D:6      | Found a radiant altar of Vehumet.
  4832 | D:6      | Found a hazy altar of Hepliaklqana.
  5131 | D:6      | Reached skill level 11 in Axes
  6052 | D:7      | Reached skill level 1 in Polearms
  6073 | D:7      | Found a runed translucent door.
  6074 | D:7      | Noticed Crazy Yiuf
  6079 | D:7      | Killed Crazy Yiuf
  6152 | D:7      | Noticed Prince Ribbit
  6167 | D:7      | Killed Prince Ribbit
  7331 | D:8      | Found an iron altar of Okawaru.
  7398 | D:8      | Noticed Grum
  7421 | D:8      | Reached XP level 10. HP: 23/79 MP: 9/9
  7423 | D:8      | HP: 2/79 [wolf[Grum] (8)]
  7424 | D:8      | Slain by a wolf

Illustrated notes

Levels and vault maps discovered:
D:1:      dpeg_arrival_more_subterranean_lakeside_camping, layout_loops_ring,
          serial_shops, nicolae_shop_hallway_plus, minmay_crystal_room,
          minmay_small_reverse_x
D:2:      layout_rooms, minmay_pentomino_q4
D:3:      layout_rooms, nicolae_ru_sacrificial_ziggurat,
          hellmonk_ecumenical_altar_prayer_group,
          nicolae_concentric_dashed_squares_mild
D:4:      minmay_spotlight, layout_rooms, yredelemnul_altar_generic,
          uniq_eustachio
D:5:      layout_loops_cross, minmay_temple_entry_glass
D:6:      cheibrodos_thug_alley, layout_loops_ring, grunt_temple_overflow_open,
          vehumet_crystals
D:7:      layout_basic, enter_bailey_3, uniq_prince_ribbit1,
          uniq_crazy_yiuf_cottage
D:8:      layout_basic, lemuel_coloured_pillars_altar,
          ebering_ghost_reflecting_pool, serial_park_tiny_pond, uniq_grum,
          uniq_erica

Skill      XL: |  1  2  3  4  5  6  7  8  9 |
---------------+----------------------------+-----
Armour         | 4 5 6 7 9 |  9.1
Fighting       | 4 5 6 8 |  8.1
Axes           | 3 4 5 6 8 10 11 | 11.1
Throwing       | 1 2 3 4 |  4.7
Dodging        | 1 |  1.3
Polearms       | 4 |  4.2
Shields        | |  3.6

Action                   |  1- 3 |  4- 6 |  7- 9 | 10-12 || total
-------------------------+-------+-------+-------+-------++-------
Melee: War axe           |    74 |   145 |   173 |       ||   392
       Headbutt          |     5 |    19 |    73 |       ||    97
       Spear             |       |       |   161 |     1 ||   162
Throw: Boomerang         |       |       |    21 |       ||    21
       Dart              |       |       |     7 |       ||     7
  Use: Scroll            |       |     8 |     5 |       ||    13
       Potion            |       |     3 |     1 |       ||     4
Armor: Scale mail        |    15 |       |       |       ||    15
       Chain mail        |    21 |   102 |   175 |     1 ||   299
Dodge: Dodged            |    39 |    27 |    61 |       ||   127
Block: Buckler           |    33 |    27 |       |       ||    60
       Tower shield      |       |    59 |   305 |     1 ||   365
